 Dungeon Crawl Stone Soup version 0.32-a0-120-gfac0567ad4 (webtiles) character file.

Game seed: 17731119839427608580

203 cforsyth the Trooper (level 6, -3/48 HPs)
             Began as a Djinni Warper on Feb 7, 2024.
             Was an Initiate of Nemelex Xobeh.
             Slain by a troll (13 damage)
             ... on level 5 of the Dungeon.
             The game lasted 00:04:41 (4400 turns).

cforsyth the Trooper (Djinni Warper)                Turns: 4400, Time: 00:04:42

Health: -3/48      AC:  4    Str: 14    XL:     6   Next: 8%
Gold:   131        EV: 11    Int: 17    God:    Nemelex Xobeh [......] SH:  0 Dex: 12

rFire   + + +        a - +4 dagger of Sanauffeesch {vamp, rF+ Str+4}
rCold   x . .        (no shield)
rNeg    + . .        b - +0 leather armour
rPois   ∞            m - +0 helmet
rElec   .            (no cloak)
rCorr   .            (no gloves)
SInv    .            (boots unavailable)
Will    .....        (no amulet)
Stlth   +            N - ring of positive energy
HPRegen 0.28/turn    Z - ring of wizardry
MPRegen 0.00/turn

%: wizardry (x1), infuse magic (-4 HP)
@: on blink cooldown, flying
A: sickness immunity, fire resistance 2, cold vulnerability 1, float, innate
caster, HP casting, extra vitality 1
a: Renounce Religion, Draw Escape, Draw Destruction, Draw Summoning


You were on level 5 of the Dungeon.
You worshipped Nemelex Xobeh.
Nemelex Xobeh was noncommittal.
You visited 1 branch of the dungeon, and saw 5 of its levels.

You collected 131 gold pieces.


Innate Abilities, Weirdness & Mutations

You are immune to sickness and miasma.
You are immune to poison.
Your flesh is very heat resistant. (rF++)
You are vulnerable to cold. (rC-)
You float through the air rather than walking.
You learn spells naturally, not from books.
Your magical power is your life essence.
You have superior vitality. (+4 MHP)


   Skills:
 + Level 4.4 Fighting
 - Level 1.7 Long Blades
 - Level 0.7 Throwing
 - Level 1.0 Armour
 - Level 2.1 Dodging
 + Level 4.1 Spellcasting
 + Level 4.1 Conjurations
 + Level 4.1 Hexes
 + Level 4.1 Summonings
 + Level 4.1 Necromancy
 + Level 4.1 Translocations
 + Level 4.1 Fire Magic
 + Level 4.1 Ice Magic
 + Level 4.1 Air Magic
 + Level 4.1 Earth Magic
 + Level 4.1 Alchemy


You knew the following spells:

 Your Spells              Type           Power      Damage    Failure   Level
l - Lesser Beckoning      Tloc           34%        N/A       2%          2
m - Manifold Assault      Tloc           17%        N/A       14%         4
t - Teleport Other        Tloc           17%        N/A       4%          3
B - Blink                 Tloc           34%        N/A       2%          2
X - Vhi's Electric Charg  Tloc/Air       34%        N/A       14%         4
Y - Necrotise             Necr           68%        1d7       1%          1
Z - Scorch                Fire           34%        2d6       2%          2
Your spell library was empty.

Inventory:

Hand Weapons
 a - the +4 dagger of Sanauffeesch (weapon) {vamp, rF+ Str+4}
   (You found it on level 2 of the Dungeon)

   Str+4:     It affects your strength (+4).
   rF+:       It protects you from fire.
Missiles
 d - 6 darts of dispersal {=f=f}
Armour
 b - a +0 leather armour (worn)
 m - a +0 helmet (worn)
Magical Staves
 s - a staff of cold {!a!a}
Jewellery
 o - an amulet of faith {!P!P}
 N - a ring of positive energy (left hand)
 Z - a ring of wizardry (right hand)
Scrolls
 c - 2 scrolls of blinking
 e - a scroll of amnesia {unknown}
 h - 3 scrolls of enchant weapon {unknown}
 j - 3 scrolls of fear {unknown}
 l - 5 scrolls of identify {unknown}
 p - a scroll of silence {unknown}
 q - 2 scrolls of noise {unknown}
 r - 2 scrolls of teleportation {unknown}
 t - a scroll of vulnerability {unknown}
Potions
 f - a potion of curing {unknown}
 g - 2 potions of lignification {unknown}
 i - 3 potions of might {unknown}
 k - a potion of attraction {unknown}
 n - 2 potions of brilliance {unknown}

Dungeon Overview and Level Annotations

Branches:
Dungeon (5/15)
 Temple: D:4-7

Altars:
Nemelex Xobeh
Yredelemnul

Annotations:
D:2 1 runed translucent door, Crazy Yiuf

........# ........
......# .....# #+#
## #....# ....
.##..###....##....
.................
.......@T........
###..####..##...
####..####..#
.........)..###
......†§.......
..####+###..##..
#.># ... ..(# ..
...# .


You could see a troll (combustible).


Message History

You can't see any susceptible monsters within range! (Use Z to cast anyway.)
You can't see any susceptible monsters within range! (Use Z to cast anyway.)
A troll comes into view.
A troll is nearby!
A troll is nearby!
A troll is nearby!
Flames lash the troll.
The troll is lightly wounded.
The troll's fire resistance burns away.
Flames lash the troll.
The troll is burned terribly!
The troll is moderately wounded.
Flames lash the troll.
The troll is burned terribly!
The troll is heavily wounded.
The troll bites you!
* * * LOW HITPOINT WARNING * * *
The troll closely misses you. The troll misses you.
You are too injured to fight recklessly!
You are too injured to fight recklessly!
You are too injured to fight recklessly!
Casting: Scorch (safe; 2% risk of failure)
Confirm with . or Enter, or press ? or * to list all spells.
You blink.
Found 5 stones.
Found a stone staircase leading down.
* * * LOW HITPOINT WARNING * * *
The troll attacks as it pursues you! The troll barely misses you.
The troll closely misses you. The troll claws you!
* * * LOW HITPOINT WARNING * * *
The troll attacks as it pursues you! The troll barely misses you.
The troll claws you!
You die...
Your body disappears without a glow.

Skill      XL: |  1  2  3  4  5 |
---------------+----------------+-----
Spellcasting   | 3 4 |  4.1
Conjurations   | 3 4 |  4.1
Hexes          | 3 4 |  4.1
Summonings     | 3 4 |  4.1
Necromancy     | 3 4 |  4.1
Translocations | 3 4 |  4.1
Fire Magic     | 3 4 |  4.1
Ice Magic      | 3 4 |  4.1
Air Magic      | 3 4 |  4.1
Earth Magic    | 3 4 |  4.1
Alchemy        | 3 4 |  4.1
Fighting       | 3 4 |  4.4
Long Blades    | |  1.7
Throwing       | |  0.7
Armour         | |  1.0
Dodging        | |  2.1

Action                     |  1- 3 |  4- 6 || total
---------------------------+-------+-------++-------
  Melee: Falchion          |    44 |       ||    44
         Punch             |     2 |     1 ||     3
         Dagger            |       |    44 ||    44
  Throw: Dart              |     1 |       ||     1
   Cast: Necrotise         |    25 |    31 ||    56
         Scorch            |       |    43 ||    43
         Blink             |       |     1 ||     1
 Armour: Leather armour    |    51 |    44 ||    95
  Dodge: Dodged            |    51 |    44 ||    95

Levels and vault maps discovered:
D:1:      lemuel_arrival_muddy, layout_basic
D:2:      layout_loops_ring, minivault_27, uniq_crazy_yiuf_cottage, uniq_robin
D:3:      layout_loops_ring, shapermc_ecumenical_altar_pompeii,
          chequers_serial_rivers_micro_b, minivault_19
D:4:      layout_basic, mainiacjoe_overflow_alcove_4,
          nemelex_xobeh_ov_fountains_minmay, nicolae_sif_muna_condensation,
          chequers_arboretum, nrook_campfire, hangedman_minor_gate_pass
D:5:      layout_gridville, mainiacjoe_overflow_catwalk_spiral,
          minmay_ruined_shrine, uniq_grinder

Notes
Turn   | Place    | Note
-------+----------+-------------------------------------------
     0 | D:1      | cforsyth the Djinni Warper began the quest for the Orb.
     0 | D:1      | cforsyth set off with the following spells memorised:
                  | Blink, Lesser Beckoning, Teleport Other, Manifold Assault,
                  | Vhi's Electric Charge.
     0 | D:1      | Reached XP level 1. HP: 18/18 MP: 0/0
   108 | D:1      | Reached skill level 3 in Spellcasting
   108 | D:1      | Reached skill level 3 in Conjurations
   108 | D:1      | Reached skill level 3 in Hexes
   108 | D:1      | Reached skill level 3 in Summonings
   108 | D:1      | Reached skill level 3 in Necromancy
   108 | D:1      | Reached skill level 3 in Translocations
   108 | D:1      | Reached skill level 3 in Fire Magic
   108 | D:1      | Reached skill level 3 in Ice Magic
   108 | D:1      | Reached skill level 3 in Air Magic
   108 | D:1      | Reached skill level 3 in Earth Magic
   108 | D:1      | Reached skill level 3 in Alchemy
   605 | D:1      | Reached XP level 2. HP: 20/23 MP: 0/0
  1353 | D:2      | Reached XP level 3. HP: 15/29 MP: 0/0
  1353 | D:2      | Learned a level 1 spell: Necrotise
  1486 | D:2      | Noticed Robin
  1594 | D:2      | Reached skill level 3 in Fighting
  1609 | D:2      | Killed Robin
  1610 | D:2      | Reached XP level 4. HP: 18/35 MP: 0/0
  1822 | D:2      | Identified the +4 dagger of Sanauffeesch {vamp, rF+ Str+4}
  2367 | D:2      | Found a runed translucent door.
  2368 | D:2      | Noticed Crazy Yiuf
  2603 | D:3      | Found a faded altar of an unknown god.
  2770 | D:3      | Reached XP level 5. HP: 39/41 MP: 0/0
  2770 | D:3      | Learned a level 2 spell: Scorch
  3294 | D:4      | Found a basalt altar of Yredelemnul.
  3832 | D:4      | Found a sparkling altar of Nemelex Xobeh.
  4244 | D:4      | Became a worshipper of Nemelex Xobeh the Trickster
  4261 | D:5      | Entered Level 5 of the Dungeon
  4269 | D:5      | Reached skill level 4 in Fighting
  4271 | D:5      | Reached skill level 4 in Spellcasting
  4271 | D:5      | Reached skill level 4 in Conjurations
  4271 | D:5      | Reached skill level 4 in Hexes
  4271 | D:5      | Reached skill level 4 in Summonings
  4271 | D:5      | Reached skill level 4 in Necromancy
  4271 | D:5      | Reached skill level 4 in Translocations
  4271 | D:5      | Reached skill level 4 in Fire Magic
  4271 | D:5      | Reached skill level 4 in Ice Magic
  4271 | D:5      | Reached skill level 4 in Air Magic
  4271 | D:5      | Reached skill level 4 in Earth Magic
  4271 | D:5      | Reached skill level 4 in Alchemy
  4382 | D:5      | Reached XP level 6. HP: 38/47 MP: 0/0
  4393 | D:5      | Noticed a troll
  4400 | D:5      | Slain by a troll

Vanquished Creatures
  A hound (D:5)
  Robin (D:2)
  4 adders
  4 gnolls
  A ribbon worm (D:4)
  2 dart slugs
  8 orcs
  4 bats
  8 endoplasms
  2 giant cockroaches (D:2)
  8 goblins
  10 hobgoblins
  7 kobolds
  2 quokkas
  7 ball pythons
  3 frilled lizards
  4 rats (D:2)
76 creatures vanquished.

Table legend: (Time is in decaauts)
 A = Elapsed time spent in this place.
 B = Non-inter-level travel time spent in this place.
 C = Inter-level travel time spent in this place.
 D = Time resting spent in this place.
 E = Time spent auto-exploring this place.
 F = Levels seen in this place.
 G = Mean time per level.
                   A        B        C        D        E       F      G
               +--------+--------+--------+--------+--------+-----+--------+
         Total |   4406 |   4193 |    213 |    173 |   3519 |   5 |  881.2 |
       Dungeon |   4406 |   4193 |    213 |    173 |   3519 |   5 |  881.2 |
               +--------+--------+--------+--------+--------+-----+--------+

Top non-repeatable levels by time:
     D:1: 1382 daAuts
     D:4: 1283 daAuts
     D:2: 1027 daAuts
     D:3: 677 daAuts
     D:5: 35 daAuts

Table legend:
 A = Non-vault XP
 B = Vault XP
 C = Vault XP percentage of total XP
 D = Non-vault monster count
 E = Vault monster count
 F = Vault count percentage of total count
                 A         B        C        D         E       F
            +---------+---------+-------+---------+---------+-------
      Total |     247 |      44 |  15.1 |      62 |      14 |  18.4
            +---------+---------+-------+---------+---------+-------
        D:1 |      12 |       2 |  14.3 |       7 |       1 |  12.5
        D:2 |      76 |      25 |  24.8 |      25 |       6 |  19.4
        D:3 |      34 |       0 |   0.0 |      11 |       0 |   0.0
        D:4 |      44 |      17 |  27.9 |      15 |       7 |  31.8
        D:5 |      81 |       0 |   0.0 |       4 |       0 |   0.0
            +---------+---------+-------+---------+---------+-------
